 Dungeon Crawl Stone Soup version 0.27.1-33-g824d729ab1 (webtiles) character file.

Game seed: 10563718773126676876

16 jlumianski the Skirmisher (level 2, -4/19 HPs)
             Began as a Gargoyle Monk on Dec 18, 2021.
             Was a Priest of Lugonu.
             Slain by Natasha (5 damage)
             ... on level 3 of the Dungeon.
             The game lasted 00:02:41 (639 turns).

jlumianski the Skirmisher (Gargoyle Monk)            Turns: 639, Time: 00:02:42

Health: -4/19      AC:  7    Str: 14    XL:     2   Next: 58%
Magic:  2/2        EV: 11    Int: 10    God:    Lugonu [***...]
Gold:   87         SH:  0    Dex: 12    Spells: 1/1 levels left

rFire    . . .     SeeInvis .   i - +2 mace (drain)
rCold    . . .     Faith    .   (no shield)
rNeg     + . .     Spirit   .   h - +0 ring mail
rPois    ∞         Reflect  .   (no helmet)
rElec    +         Harm     .   (no cloak)
rCorr    .         Rampage  .   (no gloves)
Will     .....                  (no boots)
Stlth    +.........             (no amulet)
HPRegen  0.06/turn              (no ring)
MPRegen  0.08/turn              (no ring)

@: slowed, very slow
A: sickness immunity, AC +2, negative energy resistance 1, electricity
resistance, torment resistance 1, petrification resistance
a: Renounce Religion, Depart the Abyss, Bend Space, Banish


You were on level 3 of the Dungeon.
You worshipped Lugonu.
Lugonu was most pleased with you.
You visited 1 branch of the dungeon, and saw 4 of its levels.

You collected 87 gold pieces.

Inventory:

Hand Weapons
 a - a +0 hand axe
 i - a +2 mace of draining (weapon)
Armour
 b - a +0 robe
 h - a +0 ring mail (worn)
Scrolls
 f - a scroll of blinking {unknown}
 g - a scroll of immolation {unknown}
Potions
 c - a potion of haste {unknown}
 d - 2 potions of curing {unknown}
 e - 2 potions of ambrosia {unknown}


   Skills:
 + Level 3.5 Fighting
 + Level 3.0 Axes
 + Level 2.6 Dodging
 + Level 2.4 Stealth


You had one spell level left.
You didn't know any spells.
Your spell library was empty.

Dungeon Overview and Level Annotations

Branches:
Dungeon (4/15)
 Temple: D:4-7

Altars:
Lugonu

Shops:
D:2 [

Annotations:
D:3 Natasha


Innate Abilities, Weirdness & Mutations

You are immune to sickness and miasma.
Your stone body is resilient. (AC +2)
You are immune to poison.
You resist negative energy. (rN+)
You are resistant to electric shocks. (rElec)
You are resistant to unholy torment.
You are immune to petrification.


Message History

A giant cockroach comes into view.
You hit the giant cockroach.
You kill the giant cockroach!
Lugonu accepts your kill.
Your Axes skill increases to level 3!
You now have 87 gold pieces (gained 12).
Found an escape hatch in the ceiling.
Found a stone staircase leading up.
Found a viscous dark potion.
Natasha, Servant of Life and Death comes into view.
She is carrying a wand of flame (14).
Natasha hisses angrily.
Natasha casts a spell at you.
You feel yourself slow down.
Natasha growls.
Natasha wildly gestures.
Natasha's front paws start to glow.
Natasha stares at you and mumbles some strange words.
You feel as though you will be slow longer.
You barely miss Natasha. Natasha claws you. Natasha barely misses you.
You hit Natasha.
Natasha is lightly wounded.
Natasha closely misses you.
Natasha mewls in sadness.
Natasha stares at you and mumbles some strange words.
The magic dart hits you.
You hit Natasha.
Natasha is heavily wounded.
Natasha barely misses you.
Natasha zaps a wand.
The puff of flame hits you.
You hit Natasha but do no damage.
Natasha is heavily wounded.
Natasha closely misses you. Natasha misses you.
You closely miss Natasha.
Natasha is heavily wounded.
Natasha claws you.
* * * LOW HITPOINT WARNING * * *
Natasha barely misses you.
You closely miss Natasha.
Natasha is heavily wounded.
Natasha claws you.
You die...

##.###.#..†#####
..#####.#.###......+
#.....##.####†######
#.......>.####.#
#(.#............
#..#(####.####..
#..#.# #.# ##.
#.####..#.####.# ##
#..h@........... #
######!#######.. .
#.# #..# . ..# #...
.. ### ##


You could see Natasha.

Vanquished Creatures
  A dart slug (D:1)
  An orc (D:3)
  2 ball pythons (D:2)
  2 endoplasms
  A giant cockroach (D:3)
  A hobgoblin (D:2)
  2 kobolds (D:2)
  2 frilled lizards
12 creatures vanquished.

Notes
Turn   | Place    | Note
-------+----------+-------------------------------------------
     0 | D:1      | jlumianski the Gargoyle Monk began the quest for the Orb.
     0 | D:1      | Reached XP level 1. HP: 14/14 MP: 1/1
    57 | D:2      | Reached XP level 2. HP: 3/19 MP: 2/2
   326 | D:2      | Found a faded altar of an unknown god.
   347 | D:2      | Became a worshipper of Lugonu the Unformed
   347 | D:2      | Reached * piety under Lugonu
   347 | D:2      | Reached ** piety under Lugonu
   347 | D:2      | Reached *** piety under Lugonu
   386 | D:2      | Found Zecet's Armour Emporium.
   631 | D:3      | Noticed Natasha
   639 | D:3      | Slain by Natasha

Illustrated notes

Levels and vault maps discovered:
D:1:      mushboom_english_gardens, layout_basic
D:2:      layout_rooms, ebering_ecumenical_altar_webs, serial_shops,
          shop_statue, minmay_close_crescents
D:3:      layout_loops_ring, kennysheep_okawaru_gauntlet, dk_noncrumbling_2,
          minmay_snake_closets, uniq_natasha
D:4:      gammafunk_steamed_eel, layout_basic, minmay_shop_grid_forest,
          kennysheep_another_room, serial_bayou_lagoon_a, nrook_campfire,
          uniq_ijyb

Skill      XL: |  1  2 |
---------------+-------+-----
Axes           | 3 |  3.0
Fighting       | |  3.5
Dodging        | |  2.6
Stealth        | |  2.4

Action                   || total
-------------------------++-------
Melee: Hand axe          ||    33
       Mace              ||     7
Invok: Bend Space        ||     1
  Use: Scroll            ||     1
 Stab: Sleeping          ||     1
Armor: Robe              ||     6
Dodge: Dodged            ||    26
